 Dungeon Crawl Stone Soup version 0.30-a0-125-g51eefa89be (webtiles) character file.

Game seed: 11836340040055652631

266266 greasedhog the Peltast (level 20, -12/168 HPs)
             Began as a Formicid Fighter on Sept 17, 2022.
             Was a High Priest of Okawaru.
             Mangled by a titanic slime creature (31 damage)
             ... on level 2 of the Pits of Slime on Sept 18, 2022.
             The game lasted 01:29:10 (47456 turns).

greasedhog the Peltast (Formicid Fighter)          Turns: 47456, Time: 01:29:12

Health: -12/168    AC: 30    Str: 35    XL:     20   Next: 93%
Magic:  30/36      EV: 14    Int: 10    God:    Okawaru [*****.]
Gold:   1861       SH: 27    Dex: 14    Spells: 19/19 levels left

rFire   + . .      SeeInvis +    T - +6 Majin-Bo {vamp, MP+6 Int+6}
rCold   . . .      Faith    .    p - +1 tower shield {rC+}
rNeg    + . .      Spirit   .    J - +4 plate armour {rF+}
rPois   +          Reflect  +    (helmet unavailable)
rElec   +          Harm     .    D - +2 ratskin cloak {*Rats rPois rN+ Str-1 Int-1 Dex+1}
rCorr   +          Rampage  +    H - +1 pair of gloves "Faukh" {+Inv rCorr}
Will    ++...                    U - +2 pair of boots {rampage}
Stlth   ..........               Q - amulet of reflection
HPRegen 0.38/turn                I - ring of Zytrat {+Blink rElec Str+6 Int-3 Stlth-}
MPRegen 0.25/turn                S - ring of flight

@: finesse-ful, flying, studying Axes
A: permanent stasis, dig shafts and tunnels, antennae 3, four strong arms, cold
vulnerability 1
}: 2/15 runes: barnacled, gossamer
a: Dig, Shaft Self, Renounce Religion, Evoke Invisibility, Heroism, Finesse,
Duel


You were on level 2 of the Pits of Slime.
You worshipped Okawaru.
Okawaru was extremely pleased with you.
You visited 6 branches of the dungeon, and saw 32 of its levels.
You also visited: Sewer, Gauntlet and Ice Cave.

You collected 3178 gold pieces.
You spent 1317 gold pieces at shops.

Inventory:

Hand Weapons
 T - the +6 Majin-Bo (weapon) {vamp, MP+6 Int+6}
   (You found it on level 11 of the Dungeon)

   It heals its wielder for a portion of the damage dealt when they wound a
   living foe with it or with a spell.
   Its wielder's spells cost health as well as magical power.
   Int:       It affects your intelligence (+6).
   MP:        It affects your magic capacity (+6).
Missiles
 a - a throwing net
Armour
 p - a +1 tower shield of cold resistance (worn)
 D - the +2 ratskin cloak (worn) {*Rats rPois rN+ Str-1 Int-1 Dex+1}
   (You found it on level 6 of the Dungeon)

   When the wearer is hurt, rats may emerge from it to assist them.
   Str:       It affects your strength (-1).
   Int:       It affects your intelligence (-1).
   Dex:       It affects your dexterity (+1).
   rPois:     It protects you from poison.
   rN:        It protects you from negative energy.
 H - the +1 pair of gloves "Faukh" (worn) {+Inv rCorr}
   (You found it in a Gauntlet)

   +Inv:      It lets you turn invisible.
   rCorr:     It protects you from acid and corrosion.
 J - a +4 plate armour of fire resistance (worn)
 L - the +9 plate armour of the Lute {rPois}
   (Okawaru gifted it to you on level 4 of the Shoals)

   rPois:     It protects you from poison.
 O - the +7 plate armour of Gluttony {SInv}
   (You found it on level 11 of the Dungeon)

   SInv:      It lets you see invisible.
 U - a +2 pair of boots of rampaging (worn)
Jewellery
 b - a ring of ice
 u - a ring of willpower
 I - the ring of Zytrat (left hand) {+Blink rElec Str+6 Int-3 Stlth-}
   (You took it off a minotaur in a Gauntlet)

   [ring of strength]

   Str:       It affects your strength (+6).
   Int:       It affects your intelligence (-3).
   rElec:     It insulates you from electricity.
   +Blink:    It lets you blink.
   Stlth:     It makes you less stealthy.
 Q - an amulet of reflection (around neck)
 S - a ring of flight (right hand)
Wands
 q - a wand of roots (8)
 t - a wand of polymorph (14)
 w - a wand of mindburst (23)
 F - a wand of acid (7)
 M - a wand of digging (7)
 N - a wand of flame (31)
Scrolls
 c - a scroll of torment
 d - 2 scrolls of vulnerability
 g - 7 scrolls of enchant weapon
 l - 7 scrolls of poison
 n - 5 scrolls of fog
 o - 8 scrolls of amnesia
 s - 3 scrolls of silence
 v - 7 scrolls of fear
 x - 4 scrolls of magic mapping
 y - a scroll of enchant armour
 A - 2 scrolls of immolation
 E - 3 scrolls of brand weapon
Potions
 e - 5 potions of heal wounds
 f - 4 potions of flight
 i - a potion of mutation
 j - 14 potions of curing
 k - 5 potions of lignification
 m - 6 potions of magic
 r - 7 potions of attraction
 z - 3 potions of invisibility
 B - 3 potions of brilliance
 G - 3 potions of cancellation
 K - 2 potions of resistance
 P - 5 potions of ambrosia
Miscellaneous
 h - a lightning rod (4/4)
 C - a condenser vane (inert)


   Skills:
 * Level 17.2 Fighting
 - Level 14.3 Staves
 - Level 15.0 Armour
 - Level 15.2 Dodging
 - Level 20.0 Shields
 - Level 14.0 Invocations
 * Level 8.7 Evocations


You had 19 spell levels left.
You didn't know any spells.
Your spell library contained the following spells:

 Spells                   Type           Power      Damage    Failure   Level
 Apportation              Tloc           0%         N/A       96%         1
 Beastly Appendage        Tmut           0%         N/A       96%         1
 Foxfire                  Conj/Fire      0%         2x1d4     96%         1
 Magic Dart               Conj           0%         1d3       96%         1
 Cigotuvi's Dreadful Rot  Necr/Pois/Air  0%         N/A       99%         2
 Sublimation of Blood     Necr           0%         N/A       99%         2
 Wereblood                Tmut           0%         N/A       99%         2
 Dazzling Flash           Conj/Hex       0%         N/A       100%        3
 Frozen Ramparts          Ice            0%         1d1       100%        3
 Gell's Gravitas          Tloc           0%         N/A       100%        3
 Inner Flame              Hex/Fire       0%         N/A       100%        3
 Kindle Blastsparks       Fire/Tloc/Air  0%         2d10      100%        3
 Lesser Beckoning         Tloc           0%         N/A       100%        3
 Mephitic Cloud           Conj/Pois/Air  0%         N/A       100%        3
 Portal Projectile        Hex/Tloc       0%         N/A       100%        3
 Spider Form              Tmut/Pois      0%         N/A       100%        3
 Teleport Other           Tloc           0%         N/A       100%        3
 Cause Fear               Hex            0%         N/A       100%        4
 Dispel Undead            Necr           0%         3d6       100%        4
 Flame Wave               Conj/Fire      0%         2d4       100%        4
 Ice Form                 Ice/Tmut       0%         N/A       100%        4
 Iskenderun's Mystic Bla  Conj/Tloc      0%         2d3       100%        4
 Leda's Liquefaction      Hex/Erth       0%         N/A       100%        4
 Passage of Golubria      Tloc           0%         N/A       100%        4
 Alistair's Intoxication  Tmut/Pois      0%         N/A       100%        5
 Yara's Violent Unravell  Hex/Tmut       0%         3d3       100%        5
 Conjure Ball Lightning   Conj/Air       0%         3x3d6     100%        6
 Dispersal                Tloc           0%         N/A       100%        6
 Eringya's Noxious Bog    Tmut/Pois      0%         N/A       100%        6
 Starburst                Conj/Fire      0%         6d3       100%        6
 Statue Form              Tmut/Erth      0%         N/A       100%        6
 Dragon Form              Tmut           0%         N/A       100%        7
 Storm Form               Tmut/Air       0%         N/A       100%        7
 Discord                  Hex            0%         N/A       100%        8
 Disjunction              Tloc           0%         N/A       100%        8
 Maxwell's Capacitive Co  Air            0%         ∞         100%        8
 Call Imp                 Summ           Unusable   N/A       N/A         2
 Call Canine Familiar     Summ           Unusable   N/A       N/A         3
 Tukima's Dance           Hex            Unusable   N/A       N/A         3
 Summon Ice Beast         Ice/Summ       Unusable   N/A       N/A         4
 Summon Lightning Spire   Summ/Air       Unusable   N/A       N/A         4
 Summon Forest            Summ/Tloc      Unusable   N/A       N/A         5
 Death Channel            Necr           Unusable   N/A       N/A         6
 Summon Hydra             Summ           Unusable   N/A       N/A         7
 Dragon's Call            Summ           Unusable   N/A       N/A         9

Dungeon Overview and Level Annotations

Branches:
Dungeon (15/15)            Temple (0/1) D:7            Lair (5/5) D:9
 Shoals (4/4) Lair:2       Spider (4/4) Lair:2        Slime (2/5) Lair:5
    Orc (2/2) D:11            Elf (0/3) Orc:2        Vaults (0/5) D:13
 Depths (0/4) D:15          Sewer (visited)           IceCv (visited)
Gauntlet (visited)

Altars:
Cheibriados
Fedhas
Kikubaaqudgha
Nemelex Xobeh
Okawaru
Qazlal
Sif Muna
Uskayaw
Vehumet
Wu Jian
Xom
Yredelemnul
Zin
Jiyva

Shops:
D:6 =   D:7 ?   D:12 (![[(   D:15 (   Orc:1 !   Orc:2 =??[


Innate Abilities, Weirdness & Mutations

You cannot be hasted, slowed, berserked, paralysed or teleported.
You can dig through walls and to a lower floor.
You have a pair of large antennae on your head. (SInv)
Your four strong arms can wield two-handed weapons with a shield.
You are vulnerable to cold. (rC-)


Message History

The azure jelly hits you but does no damage.
You closely miss the azure jelly.
The azure jelly is almost dead.
You block the azure jelly's attack. x4
You hit the azure jelly.
You feel better.
The azure jelly is almost dead.
You thump the azure jelly!
You kill the azure jelly!
Okawaru accepts your kill. Okawaru crowns you victorious!
An exit appears.
You feel much better.
You feel much better.
There is a gate leading back out of this place here.
You feel better.
You feel better.
Welcome back to the Pits of Slime!
You are splashed with acid!
The slime creature quivers.
The enormous slime creature hits you!!
* * * LOW HITPOINT WARNING * * *
Two slime creatures merge to form a large slime creature.
Clouds of poison gas condense around you!
The condenser dries out!
You are splashed with acid!
* * * LOW HITPOINT WARNING * * *
Two slime creatures merge to form a titanic slime creature.
You block the slime creature's attack.
You block the large slime creature's attack.
You barely miss the titanic slime creature.
The titanic slime creature is lightly wounded.
You are splashed with acid!
* * * LOW HITPOINT WARNING * * *
The large slime creature misses you. You block the slime creature's attack.
Two slime creatures merge to form a very large slime creature.
Unknown command.
You can now deal lightning-fast blows.
You are splashed with acid!
* * * LOW HITPOINT WARNING * * *
You block the slime creature's attack.
The large slime creature hits you but does no damage.
The titanic slime creature hits you!!
You die...

..............#.
................ .
................ .....
##............... .....
##.#............#.
.......................#
...... #...............#
^....§###.....>...[.....
.....§J@#.#......<......
.....§JJJ§.....<........
...#.§§§§§§.............
. #....J§§§.............
......##§§§.....#.......
....###.................
...# #.......#.....<....
.## #................##
##.#.#...#..#.....


You could see a titanic slime creature, a very large slime creature, a large
slime creature and 2 slime creatures.

Vanquished Creatures
  Arachne (Spider:4)
  3 krakens (Shoals:1)
  An acid blob (Slime:1)
  The ghost of SigmundSlayer the Gelid, an adept DrIE of Jiyva (Shoals:2)
  3 sphinxes (Shoals:4)
  Gastronok (Orc:1)
  Kirke (Shoals:4)
  2 azure jellies
  4 emperor scorpions (Spider:4)
  The ghost of Palms the Fencer, a journeyman MfGl of Cheibriados (D:13)
  2 ghost moths (Spider:4)
  A frost giant (IceCv)
  Louise (Shoals:4)
  A stone giant (Shoals:2)
  A broodmother (Spider:3)
  A quicksilver ooze (Slime:1)
  A spark wasp (Spider:4)
  4 minotaurs
  8 entropy weavers
  2 merfolk javelineers (Shoals:1)
  Snorg (Orc:2)
  10 merfolk impalers
  A fire dragon (D:14)
  2 great orbs of eyes
  2 vault guards (D:13)
  Erolcha (Orc:2)
  A catoblepas (Lair:5)
  2 ogre magi
  4 merfolk avatars
  7 hydras
  Erica (D:9)
  2 radroaches (Spider:3)
  3 jorogumos
  3 alligator snapping turtles
  10 two-headed ogres
  4 centaur warriors
  A death knight (D:13)
  4 merfolk aquamancers
  7 boulder beetles
  19 satyrs
  A satyr (shapeshifter) (D:15)
  4 death yaks (IceCv)
  A vampire mage (D:13)
  5 pharaoh ants
  A goliath frog (Lair:5)
  6 sun moths
  13 sea snakes
  15 orb spiders
  5 steelbarb worms
  A flayed ghost (D:13)
  3 wizards (D:13)
  A necromancer (D:13)
  A spectral wolf spider (D:13)
  An obsidian statue (D:11)
  12 harpies
  2 deep elf pyromancers
  19 fauns
  12 cyclopes
  9 orc sorcerers
  32 wolf spiders
  2 ugly things
  2 shining eyes
  A spectral centaur (D:13)
  A worldbinder (Gauntlet)
  22 manticores
  2 moths of wrath
  A spectral alligator snapping turtle (Shoals:2)
  4 black mambas
  6 water nymphs
  7 merfolk sirens
  An ice statue (IceCv)
  3 gargoyles
  5 elephants
  15 cane toads
  A minotaur zombie (Gauntlet)
  3 torpor snails
  4 rime drakes
  A kobold demonologist (D:14)
  11 komodo dragons
  6 demonic crawlers
  12 polar bears (IceCv)
  10 meliai
  2 tyrant leeches (Lair:5)
  3 hornets (Gauntlet)
  5 trolls
  35 tarantellas
  9 wind drakes
  A spectral manticore (Shoals:2)
  24 merfolk
  A meliai zombie (D:13)
  10 snapping turtles
  9 dream sheep
  23 blink frogs
  21 culicivoras
  35 slime creatures
  A spectral merfolk (Shoals:2)
  50 jumping spiders
  A shadow (D:11)
  A centaur simulacrum (D:14)
  11 water elementals
  A wyvern (D:9)
  5 wraiths
  A hog (Shoals:4)
  Grum (D:8)
  3 golden eyes (Slime:1)
  21 humans
  An alligator snapping turtle simulacrum (Shoals:2)
  70 yaks
  5 basilisks
  A redback simulacrum (D:13)
  72 redbacks
  A sea snake simulacrum (Shoals:2)
  2 steam dragons
  5 wargs
  A harpy simulacrum (Shoals:2)
  12 vampire mosquitoes
  A merfolk simulacrum (Shoals:2)
  A naga (shapeshifter) (D:13)
  An acid dragon (D:11)
  23 water moccasins
  A spectral snapping turtle (Shoals:2)
  A meliai simulacrum (D:14)
  11 orc warriors
  2 black bears
  7 ogres
  2 boggarts (Gauntlet)
  8 centaurs
  A wind drake simulacrum (Shoals:2)
  56 wolves
  A phantom (D:7)
  4 kobold brigands
  15 bullfrogs
  A necrophage (D:7)
  8 killer bees
  2 howler monkeys
  13 electric eels
  2 hounds (D:4)
  17 orc priests
  2 jellies (Lair:4)
  17 iguanas
  35 orc wizards
  9 hell rats (D:6)
  7 gnolls
  13 adders
  22 river rats
  A shadow imp (D:6)
  4 white imps
  4 worms
  3 dart slugs
  56 orcs
  15 ball pythons
  A bat (D:2)
  9 endoplasms
  4 giant cockroaches
  6 goblins
  9 hobgoblins
  12 jackals
  30 kobolds
  9 quokkas
  15 frilled lizards
  24 rats
  5 tentacles (Shoals:1)
1323 creatures vanquished.

Vanquished Creatures (others)
  A ghost moth (Spider:4)
  A blizzard demon (Gauntlet)
  2 harpies (Shoals:1)
  A merfolk (Shoals:2)
  2 redbacks
  An orc wizard (Orc:2)
  2 orcs (Orc:2)
  A kobold (D:6)
  22 fungi
  150 plants
  14 tentacles (Shoals:1)
197 creatures vanquished.

Grand Total: 1520 creatures vanquished

Notes
Turn   | Place    | Note
-------+----------+-------------------------------------------
     0 | D:1      | greasedhog the Formicid Fighter began the quest for the
                  | Orb.
     0 | D:1      | Reached XP level 1. HP: 18/18 MP: 1/1
   157 | D:1      | Reached XP level 2. HP: 24/24 MP: 2/2
   491 | D:1      | Reached XP level 3. HP: 21/30 MP: 3/3
  1085 | D:2      | Reached XP level 4. HP: 38/38 MP: 4/4
  1301 | D:2      | Found a faded altar of an unknown god.
  1693 | D:3      | Reached XP level 5. HP: 43/43 MP: 5/5
  2368 | D:4      | Found an iron altar of Okawaru.
  2370 | D:4      | Noticed a black bear
  2392 | D:4      | Reached skill level 5 in Fighting
  2399 | D:4      | Killed a black bear
  2400 | D:4      | Reached XP level 6. HP: 6/51 MP: 6/6
  2508 | D:4      | Became a worshipper of Warmaster Okawaru
  2909 | D:4      | Found a glowing drain.
  2913 | Sewer    | Entered a sewer
  3598 | Sewer    | Reached skill level 5 in Staves
  3639 | Sewer    | Reached XP level 7. HP: 34/57 MP: 7/7
  3849 | Sewer    | Reached * piety under Okawaru
  4674 | D:4      | Found a blossoming altar of Fedhas.
  4886 | D:4      | Identified the -1 helmet of Joy {Rampage rElec rPois
                  | Regen+}
  5047 | D:5      | Entered Level 5 of the Dungeon
  5179 | D:5      | Reached skill level 5 in Armour
  5330 | D:5      | Found a basalt altar of Yredelemnul.
  5389 | D:5      | Noticed a water moccasin
  5407 | D:5      | Killed a water moccasin
  5408 | D:5      | Reached skill level 1 in Dodging
  5408 | D:5      | Reached skill level 1 in Invocations
  5408 | D:5      | Reached XP level 8. HP: 31/64 MP: 7/9
  6121 | D:6      | Found Nunugan's Jewellery Shoppe.
  6190 | D:6      | Reached ** piety under Okawaru
  6458 | D:6      | Reached XP level 9. HP: 37/69 MP: 8/11
  6634 | D:6      | Found a stormy altar of Qazlal.
  7293 | D:6      | Found the +2 ratskin cloak {*Rats rPois rN+ Str-1 Int-1
                  | Dex+1}
  7749 | D:7      | Found a hide-covered altar of Uskayaw.
  8111 | D:7      | Reached skill level 5 in Dodging
  8370 | D:7      | Found Hienkedi's Magic Scroll Emporium.
  8376 | D:7      | Bought 3 scrolls of identify for 66 gold pieces
  8376 | D:7      | Bought a scroll of identify for 22 gold pieces
  8549 | D:7      | Found a radiant altar of Vehumet.
  8624 | D:7      | Found a staircase to the Ecumenical Temple.
  9118 | D:8      | Noticed Grum
  9137 | D:8      | Reached skill level 5 in Shields
  9150 | D:8      | Killed Grum
  9699 | D:8      | Reached skill level 6 in Shields
  9699 | D:8      | Reached XP level 10. HP: 71/77 MP: 12/12
  9939 | D:8      | Noticed a two-headed ogre
  9948 | D:8      | Killed a two-headed ogre
  9948 | D:8      | Reached *** piety under Okawaru
  9949 | D:8      | Reached skill level 7 in Shields
 10586 | D:9      | Found a staircase to the Lair.
 11205 | D:9      | Found an ornate altar of the Wu Jian Council.
 11243 | D:9      | Noticed Erica
 11255 | D:9      | Killed Erica
 11256 | D:9      | Reached skill level 8 in Shields
 11500 | D:9      | Reached **** piety under Okawaru
 11711 | D:9      | Noticed a two-headed ogre
 11780 | D:9      | Reached skill level 10 in Staves
 12463 | D:9      | Reached skill level 9 in Shields
 12463 | D:9      | Reached XP level 11. HP: 76/87 MP: 13/13
 12499 | D:9      | Killed a two-headed ogre
 13067 | D:10     | Entered Level 10 of the Dungeon
 13084 | D:10     | Noticed a two-headed ogre
 13103 | D:10     | Killed a two-headed ogre
 13103 | D:10     | Reached ***** piety under Okawaru
 13147 | D:9      | Reached skill level 10 in Shields
 13556 | D:10     | Found a glowing silver altar of Zin.
 13754 | D:10     | Reached skill level 10 in Fighting
 13759 | D:10     | Received a gift from Okawaru
 14012 | D:10     | Found a snail-covered altar of Cheibriados.
 14347 | D:11     | Found a staircase to the Orcish Mines.
 14900 | D:11     | Received a gift from Okawaru
 14909 | D:11     | Reached skill level 5 in Invocations
 15586 | Orc:1    | Entered Level 1 of the Orcish Mines
 15616 | Orc:1    | Noticed an orc sorcerer
 15747 | Orc:1    | Killed an orc sorcerer
 15750 | Orc:1    | Reached XP level 12. HP: 78/97 MP: 14/16
 15856 | Orc:1    | Found a shimmering altar of Xom.
 15918 | Orc:1    | Noticed a two-headed ogre
 15922 | Orc:1    | Killed a two-headed ogre
 15930 | Orc:1    | Noticed Gastronok
 15964 | Orc:1    | Killed Gastronok
 16217 | Orc:1    | Found Uhemiow's Distillery.
 16384 | Orc:2    | Entered Level 2 of the Orcish Mines
 16413 | Orc:1    | Reached ****** piety under Okawaru
 17463 | Orc:2    | Identified the +1 robe "Iged" {rC+ Will++} (Okawaru gifted
                  | it to you on level 2 of the Orcish Mines)
 17463 | Orc:2    | Received a gift from Okawaru
 17831 | Orc:2    | Found a staircase to the Elven Halls.
 17866 | Orc:2    | Noticed Snorg
 17895 | Orc:2    | Killed Snorg
 18426 | Orc:2    | Found Eguimp's Antique Armour Boutique.
 18460 | Orc:2    | Found a radiant altar of Vehumet.
 18461 | Orc:2    | Noticed Erolcha
 18492 | Orc:2    | Killed Erolcha
 18585 | Orc:2    | Noticed a sun demon
 18920 | Orc:2    | Noticed a sixfirhy
 18923 | Orc:2    | Found an ancient bone altar of Kikubaaqudgha.
 19091 | Orc:2    | Found Tempaargh's Jewellery Shop.
 19145 | Orc:2    | Reached XP level 13. HP: 81/103 MP: 17/19
 19198 | Orc:2    | Found Dito's Magic Scroll Boutique.
 19218 | Orc:2    | Noticed an ogre mage
 19238 | Orc:2    | Killed an ogre mage
 19248 | Orc:2    | Found Siotill's Magic Scroll Shop.
 19369 | Orc:2    | Bought a scroll of identify for 26 gold pieces
 19369 | Orc:2    | Bought a scroll of identify for 26 gold pieces
 19369 | Orc:2    | Bought 3 scrolls of identify for 78 gold pieces
 19369 | Orc:2    | Bought a scroll of identify for 26 gold pieces
 19369 | Orc:2    | Bought a scroll of identify for 26 gold pieces
 19737 | Orc:1    | Bought a potion of experience for 800 gold pieces
 19737 | Orc:1    | Reached XP level 14. HP: 110/110 MP: 20/20
 19840 | Lair:1   | Entered Level 1 of the Lair of Beasts
 20563 | Lair:1   | Identified the +5 mace of Irrepressible Laughter {distort,
                  | rC+}
 20907 | Lair:1   | Reached skill level 10 in Invocations
 21378 | Lair:1   | Found a shimmering blue altar of Sif Muna.
 21434 | Lair:1   | Found a runed translucent door.
 21721 | Lair:1   | Noticed a minotaur
 21742 | Lair:1   | Killed a minotaur
 21743 | Lair:1   | Reached skill level 10 in Armour
 22095 | Lair:2   | Found a gate leading to a gauntlet.
 22118 | Gauntlet | Entered a Gauntlet
 22118 | Gauntlet | Found a transporter.
 22118 | Gauntlet | Found a transporter.
 22118 | Gauntlet | Found a transporter.
 22131 | Gauntlet | Found a transporter.
 22133 | Gauntlet | Found a transporter.
 22135 | Gauntlet | Found a transporter.
 22141 | Gauntlet | Found a transporter.
 22144 | Gauntlet | Found a transporter.
 22146 | Gauntlet | Found a transporter.
 22146 | Gauntlet | Found a transporter.
 22154 | Gauntlet | Found a transporter.
 22157 | Gauntlet | Found a transporter.
 22400 | Gauntlet | Received a gift from Okawaru
 22684 | Gauntlet | Identified the +1 pair of gloves "Faukh" {+Inv rCorr}
 22906 | Gauntlet | Identified the ring of Zytrat {+Blink rElec Str+6 Int-3
                  | Stlth-}
 22906 | Gauntlet | Noticed a minotaur
 22924 | Gauntlet | Killed a minotaur
 23147 | Lair:2   | Found a staircase to the Shoals.
 23452 | Lair:2   | Identified the +1 plate armour of Isezeh {Rampage Will-
                  | Regen+ Slay+5}
 23690 | Lair:2   | Found a hole to the Spider Nest.
 25377 | Lair:4   | Identified the +7 quarterstaff "Orchusk" {protect, Dex+4}
                  | (Okawaru gifted it to you on level 4 of the Lair of Beasts)
 25377 | Lair:4   | Received a gift from Okawaru
 25801 | Lair:4   | Reached XP level 15. HP: 115/115 MP: 24/24
 26024 | Lair:5   | Entered Level 5 of the Lair of Beasts
 26422 | Lair:5   | Reached skill level 10 in Dodging
 26961 | Lair:5   | Identified the +10 short sword of Prudence {drain, *Rage
                  | rN+ Int+6} (Okawaru gifted it to you on level 5 of the Lair
                  | of Beasts)
 26961 | Lair:5   | Received a gift from Okawaru
 27384 | Lair:5   | Identified the +1 leather armour "Zuup" {Fly}
 27515 | Lair:5   | Found a staircase to the Slime Pits.
 27515 | Lair:5   | Found a viscous altar of Jiyva.
 27734 | Lair:5   | Identified the +3 crystal plate armour "Rydapt" {Stlth+}
                  | (Okawaru gifted it to you on level 5 of the Lair of Beasts)
 27734 | Lair:5   | Received a gift from Okawaru
 28352 | D:11     | Found the +6 Majin-Bo {vamp, MP+6 Int+6}
 28387 | D:11     | Identified the +7 plate armour of Gluttony {SInv}
 28433 | D:11     | You fall into a shaft and drop 1 floor!
 28561 | D:12     | Found Gesinn's Armour Shop.
 28628 | D:12     | Found Cosch's Armour Emporium.
 28746 | D:12     | Found Ushrisu's Weapon Emporium.
 28800 | D:12     | Bought a +1 pair of boots of rampaging for 247 gold pieces
 28882 | D:12     | Found Fyasyw's Distillery.
 29305 | D:12     | Found Bept's Weapon Shoppe.
 29602 | D:13     | Found a frozen archway.
 29619 | IceCv    | Entered an ice cave
 29640 | IceCv    | Reached XP level 16. HP: 113/129 MP: 26/26
 30171 | IceCv    | Noticed a frost giant
 30203 | IceCv    | Killed a frost giant
 30258 | IceCv    | Identified the +8 mace "Ixkothur" {vorpal, rC+}
 30735 | D:13     | Noticed Palms's ghost (journeyman MfGl)
 30770 | D:13     | Found a transporter.
 30775 | D:13     | Found a transporter.
 30931 | D:13     | Found a gate to the Vaults.
 31366 | D:13     | Received a gift from Okawaru
 31782 | D:13     | Killed Palms's ghost
 31796 | D:13     | Identified the +8 glaive of Tomorrow {drain, rCorr Dex+5}
                  | (Okawaru gifted it to you on level 13 of the Dungeon)
 31796 | D:13     | Received a gift from Okawaru
 32678 | D:15     | Entered Level 15 of the Dungeon
 32779 | D:15     | Reached skill level 15 in Fighting
 33018 | D:15     | Found Vition's Antique Weapon Shoppe.
 33037 | D:15     | Reached XP level 17. HP: 142/142 MP: 27/27
 33156 | D:15     | Found a sparkling altar of Nemelex Xobeh.
 33267 | D:15     | Found the +18 Lear's hauberk
 33319 | D:15     | Found a staircase to the Depths.
 33627 | Shoals:1 | Entered Level 1 of the Shoals
 33627 | Shoals:1 | Noticed a kraken
 33664 | Shoals:1 | Killed a kraken
 33664 | Shoals:1 | Received a gift from Okawaru
 33665 | Shoals:1 | Reached skill level 11 in Shields
 33779 | Shoals:1 | Noticed a kraken
 33805 | Shoals:1 | Killed a kraken
 34156 | Shoals:1 | Noticed a kraken
 34188 | Shoals:1 | Killed a kraken
 34223 | Arena    | Entered the Arena
 34269 | Shoals:1 | Reached skill level 12 in Shields
 34285 | Shoals:1 | Reached skill level 15 in Armour
 34911 | Shoals:1 | Received a gift from Okawaru
 35017 | Shoals:1 | Reached skill level 13 in Shields
 35566 | Shoals:2 | Identified the +8 rapier "Acarinebane" {holy, Fly rC+ Int+4
                  | Stlth-}
 35927 | Shoals:2 | Reached skill level 14 in Shields
 36439 | Shoals:2 | Identified the +0 robe of the Nexus {Rampage Int+5}
                  | (Okawaru gifted it to you on level 2 of the Shoals)
 36439 | Shoals:2 | Received a gift from Okawaru
 36451 | Shoals:2 | Upgraded the game from 0.30-a0-123-g91d0c66ccf to
                  | 0.30-a0-125-g51eefa89be
 36483 | Shoals:2 | Reached XP level 18. HP: 145/149 MP: 28/28
 36591 | Shoals:2 | Found a runed translucent gate.
 36591 | Shoals:2 | Found a runed translucent gate.
 36591 | Shoals:2 | Found a runed translucent gate.
 36592 | Shoals:2 | Noticed SigmundSlayer's ghost (adept DrIE)
 36876 | Shoals:2 | Killed SigmundSlayer's ghost
 37357 | Shoals:3 | Reached skill level 15 in Shields
 38192 | Shoals:3 | Identified the +1 robe "Quin Lul" {+Inv rN+ Stlth-}
 38457 | Shoals:3 | Got the Guidebook on Shaping
 38607 | Shoals:4 | Entered Level 4 of the Shoals
 38614 | Shoals:4 | Noticed Kirke
 38627 | Arena    | Entered the Arena
 38674 | Shoals:4 | Killed Kirke
 38692 | Shoals:4 | Reached skill level 16 in Shields
 38768 | Shoals:4 | Noticed Louise
 38868 | Shoals:4 | Killed Louise
 38945 | Shoals:4 | Identified the +9 plate armour of the Lute {rPois} (Okawaru
                  | gifted it to you on level 4 of the Shoals)
 38945 | Shoals:4 | Received a gift from Okawaru
 39043 | Shoals:4 | Reached skill level 17 in Shields
 39363 | Shoals:4 | Reached XP level 19. HP: 145/155 MP: 29/29
 39864 | Shoals:4 | Got a barnacled rune of Zot
 39916 | Shoals:4 | Reached skill level 18 in Shields
 40523 | Spider:1 | Entered Level 1 of the Spider Nest
 41048 | Arena    | Entered the Arena
 41273 | Spider:1 | Received a gift from Okawaru
 41502 | Spider:1 | Reached skill level 19 in Shields
 42703 | Spider:3 | Reached skill level 15 in Dodging
 42792 | Spider:3 | Identified the +5 quarterstaff "Jasadgh" {vamp, Str-3
                  | Int+8} (Okawaru gifted it to you on level 3 of the Spider
                  | Nest)
 42792 | Spider:3 | Received a gift from Okawaru
 43204 | Spider:3 | Reached skill level 20 in Shields
 43249 | Spider:3 | Reached skill level 1 in Evocations
 43249 | Spider:3 | Reached XP level 20. HP: 162/162 MP: 30/30
 44162 | Spider:4 | Entered Level 4 of the Spider Nest
 44173 | Spider:4 | Received a gift from Okawaru
 44547 | Spider:4 | Reached skill level 5 in Evocations
 44606 | Spider:4 | Noticed Arachne
 44624 | Spider:4 | Killed Arachne
 45937 | Spider:4 | Got a gossamer rune of Zot
 46355 | Slime:1  | Entered Level 1 of the Pits of Slime
 46711 | Slime:1  | Gained mutation: You are vulnerable to cold. (rC-) [a
                  | shining eye]
 47263 | Slime:2  | Identified the +0 tower shield "Ziagoixy" {rElec} (Okawaru
                  | gifted it to you on level 2 of the Pits of Slime)
 47263 | Slime:2  | Received a gift from Okawaru
 47427 | Arena    | Entered the Arena
 47435 | Arena    | HP: 8/168 [azure jelly (33)]
 47456 | Slime:2  | Mangled by a titanic slime creature

Illustrated notes

Levels and vault maps discovered:
D:1:      psy_arrival_statuary, layout_basic
D:2:      layout_rooms, hellmonk_ecumenical_altar_crossroads,
          chequers_serial_rivers_micro_e
D:3:      layout_basic
D:4:      layout_basic, okawaru_ov_weapons_minmay, fedhas_altar_4,
          gup_sewer_entry_bowl, st_stairs_8
D:5:      layout_rooms, old_standard_altar
D:6:      wander_guarded_unrand_ratskin, layout_gridville,
          nicolae_qazlal_general_emergency, serial_shops, nicolae_square_shop,
          ebering_dispersal_statue_hall, nicolae_concentric_dashed_squares_mild
D:7:      layout_basic, mainiacjoe_overflow_boulevard, vehumet_crystals,
          minmay_temple_entry_statues_pillars, enter_bailey_2, serial_shops,
          nicolae_shop_statue_plus
D:8:      layout_basic, uniq_grum
D:9:      layout_basic, lemuel_tele_altar, erik_lair_orcish_takeover, uniq_erica
D:10:     layout_small_grid, mainiacjoe_overflow_paths, cheibrodos_worm_habitat,
          minivault_25
D:11:     statuecave_lemuel, layout_loops_ring, orc_0_dummy
D:12:     layout_long_grid, serial_shops, shop, shop, shop, shop,
          nicolae_shop_waterfront, serial_glass, glass_columns_a,
          glass_columns_b, glass_columns_b, glass_columns_c, glass_columns_a,
          reono_crystal_passage
D:13:     layout_basic, grunt_vaults_entry_tiered,
          portal_ice_cave_entry_pillars_2, gammafunk_ghost_mausoleum,
          nzn_life_drinkers
D:14:     layout_basic, chequers_serial_rivers_micro_c
D:15:     hangedman_depths_entry_try_elsewhere_first, layout_loops_ring,
          nemelex_diamond_rough_becter, serial_shops, nicolae_diamond_shop,
          solitary_fountain, hellmonk_guarded_unrand_lears
Lair:1:   dreamdust_labyrinth, layout_gridlike, basic_altar,
          infiniplex_staircase_pool_2
Lair:2:   hellmonk_ruined_rings, layout_gridlike, elwin_shoals_entry_rocks,
          spider_nest_entry_a, enter_volcano_2, gauntlet_entry_generic
Lair:3:   layout_gridlike, grunt_forest_stairs_basic
Lair:4:   lemuel_reptile_caves, layout_small_grid, serial_bayou_shore_b
Lair:5:   minmay_lair_end_frog_pond, layout_layer_cave,
          minmay_slime_entry_pillars, disabler_island
Shoals:1: cheibrodos_shoals_epimethial_gifts, layout_shoals
Shoals:2: layout_shoals, gammafunk_ghost_necromancy, st_shoals_ruin
Shoals:3: layout_shoals, nicolae_shoals_flooded_hall
Shoals:4: shoals_end_hellmonk_lost_city, uniq_kirke, uniq_louise
Spider:1: nicolae_spider_jumping_over_cracks [nicolae_spider_jumping_sub_rim,
          nicolae_spider_jumping_sub_stairs, nicolae_spider_jumping_sub_rim,
          nicolae_spider_jumping_sub_pools]
Spider:2: layout_spider_delve, nicolae_spider_checkerboard
Spider:3: layout_cave_pods, nicolae_spider_nooks_and_crannies
Spider:4: johnstein_spider_rune_arachne_lair
Slime:1:  layout_caves, nicolae_slime_ancient_tower_intersection
Slime:2:  layout_caves
Orc:1:    layout_diamond_mine, basic_altar, serial_shops, nicolae_square_shop,
          nicolae_orc_lava_room, uniq_gastronok
Orc:2:    kennysheep_orc_mage_school, layout_diamond_mine, uniq_snorg

Skill      XL: |  1  2  3  4  5  6  7  8  9 10 11 12 13 14 15 16 17 18 19 20 |
---------------+-------------------------------------------------------------+-----
Fighting       | 4 5 6 8 10 12 15 17 | 17.2
Staves         | 3 4 5 6 7 8 10 11 12 13 14 | 14.3
Armour         | 5 6 8 9 10 11 14 15 | 15.0
Dodging        | 1 3 5 8 9 10 11 13 15 | 15.2
Invocations    | 1 3 5 8 9 12 14 | 14.0
Shields        | 6 9 10 14 17 20 | 20.0
Evocations     | 1 8 |  8.7

Action                   |  1- 3 |  4- 6 |  7- 9 | 10-12 | 13-15 | 16-18 | 19-21 || total
-------------------------+-------+-------+-------+-------+-------+-------+-------++-------
Melee: Quarterstaff      |    98 |   236 |   497 |   853 |  1346 |  2034 |  1920 ||  6984
Invok: Heroism           |       |       |     3 |    14 |    10 |    10 |     8 ||    45
       Finesse           |       |       |       |     5 |     7 |     8 |     9 ||    29
       Duel              |       |       |       |       |       |     2 |     2 ||     4
 Abil: Dig               |       |       |       |       |     1 |       |       ||     1
       Shaft Self        |       |       |       |       |     1 |       |       ||     1
Evoke: Wand              |       |       |       |       |     3 |       |       ||     3
       Condenser vane    |       |       |       |       |       |       |     1 ||     1
  Use: Scroll            |       |     2 |     6 |    11 |    12 |     2 |       ||    33
       Potion            |       |     1 |     2 |     2 |     4 |     1 |     7 ||    17
 Stab: Petrifying        |       |       |       |       |     2 |       |       ||     2
       Fleeing           |       |       |       |       |       |     1 |       ||     1
Armor: Scale mail        |    30 |   102 |    51 |       |       |       |       ||   183
       Chain mail        |       |       |    10 |       |       |       |       ||    10
       Plate armour      |       |       |   203 |   309 |   636 |   686 |   581 ||  2415
Dodge: Dodged            |    49 |   136 |   217 |   288 |   730 |   471 |   537 ||  2428
Block: Buckler           |    27 |    93 |   122 |   201 |   471 |     7 |       ||   921
       Tower shield      |       |       |       |       |       |  2079 |  2301 ||  4380
       Reflection        |       |       |       |       |       |   120 |    35 ||   155

Table legend: (Time is in decaauts)
 A = Elapsed time spent in this place.
 B = Non-inter-level travel time spent in this place.
 C = Inter-level travel time spent in this place.
 D = Time resting spent in this place.
 E = Time spent auto-exploring this place.
 F = Levels seen in this place.
 G = Mean time per level.
                   A        B        C        D        E       F      G
               +--------+--------+--------+--------+--------+-----+--------+
         Total |  45375 |  43048 |   2327 |   9142 |  24106 |  39 | 1163.5 |
       Dungeon |  19157 |  17955 |   1202 |   3829 |  11033 |  15 | 1277.1 |
          Lair |   6923 |   6396 |    527 |    798 |   4294 |   5 | 1384.6 |
        Shoals |   6270 |   6051 |    219 |   1105 |   3387 |   4 | 1567.5 |
   Spider Nest |   5052 |   4866 |    186 |    451 |   2819 |   4 | 1263.0 |
    Slime Pits |    885 |    885 |      0 |    284 |    301 |   2 |  442.5 |
  Orcish Mines |   3942 |   3751 |    191 |   1626 |   1322 |   2 | 1971.0 |
         Sewer |   1218 |   1218 |      0 |    550 |    418 |   1 | 1218.0 |
      Ice Cave |    906 |    906 |      0 |      0 |    378 |   1 |  906.0 |
      Gauntlet |    962 |    962 |      0 |    498 |    153 |   1 |  962.0 |
         Arena |     57 |     57 |      0 |      0 |      0 |   4 |   14.2 |
               +--------+--------+--------+--------+--------+-----+--------+

Top non-repeatable levels by time:
   Orc:2: 2471 daAuts
     D:8: 2437 daAuts
     D:9: 2339 daAuts
  Lair:4: 1825 daAuts
Shoals:2: 1791 daAuts
  Lair:1: 1779 daAuts
Spider:4: 1763 daAuts
     D:6: 1734 daAuts
Shoals:1: 1643 daAuts
     D:4: 1593 daAuts
    D:11: 1563 daAuts
Shoals:4: 1518 daAuts
   Orc:1: 1470 daAuts
  Lair:5: 1379 daAuts
Spider:3: 1360 daAuts
